AoeStats
← Fazzz7z

Socotra

506622663Analyzed
2v2 RM · 19d ago on Sep 14, 2026· 36m 1s· 4 players
Game mode
Random Map
Map size
Tiny (2 player)
Population
200
Speed
Normal
Resources
Standard
Victory
Conquest
Starting age
Dark Age
Ending age
Imperial Age
RankedLock teamsTeams togetherTeam positionsShared explorationLock speedFull tech treeHidden civsTurbo modeCheats
Victory
Defeat
🇮🇳 Franks · India
1385
+14
1336
+16
🇬🇧 Maya · United Kingdom
1441
-20
🇬🇧 Romans · United Kingdom
1216
-10
Laurie
6:02 Loom
9:19 Feudal Age
9:22 Man-at-Arms
26:51 Castle Age
27:34 Double-Bit Axe
29:19 Fletching
Fazzz7z
0:25 Loom
9:42 Feudal Age
10:28 Double-Bit Axe
14:17 Fletching
21:50 Castle Age
20:40 Padded Archer Armor
20:44 Horse Collar
22:08 Crossbowman
22:44 Bodkin Arrow
27:24 Ballistics
27:58 Wheelbarrow
27:31 Town Watch
29:01 Stone Mining
31:17 Thumb Ring
34:39 Hand Cart
mayankjainmmj08
6:13 Loom
9:16 Feudal Age
13:48 Forging
14:38 Scale Barding Armor
23:11 Castle Age
22:05 Double-Bit Axe
22:12 Gold Mining
23:59 Husbandry
25:00 Iron Casting
24:51 Chain Barding Armor
27:44 Iron Casting
32:28 Town Watch
[T41] Indian War Lord
7:43 Loom
9:50 Feudal Age
10:34 Double-Bit Axe
17:07 Fletching
26:36 Horse Collar
30:03 Castle Age
28:45 Padded Archer Armor
29:05 Gold Mining
30:07 Elite Skirmisher
30:51 Bodkin Arrow
30:42 Crossbowman
Connection lost

Rejoining the realm…

Still unreachable

The connection could not be restored.

Session expired

The server has moved on; the page needs a fresh start.